AoeStats
← HHH

Black Forest

510238516Analyzed
2v2 RM · 2d ago on Sep 30, 2026· 46m 43s· 4 players
Game mode
Random Map
Map size
Medium (4 player)
Population
200
Speed
Normal
Resources
Standard
Victory
Conquest
Starting age
Dark Age
Ending age
Imperial Age
RankedLock teamsTeams togetherTeam positionsShared explorationLock speedFull tech treeHidden civsTurbo modeCheats
Victory
Defeat
🇦🇷 Khmer · Argentina
995
+15
🇦🇺 Magyars · Australia
956
+16
🇸🇦 Wu · Saudi Arabia
970
-15
🇸🇦 Cumans · Saudi Arabia
967
-16
98_Natsu
13:35 Feudal Age
36:27 Double-Bit Axe
36:26 Horse Collar
HHH
0:28 Loom
12:02 Feudal Age
12:17 Feudal Age
14:46 Double-Bit Axe
17:12 Castle Age
15:07 Gold Mining
14:59 Horse Collar
15:16 Stone Mining
15:23 Stone Mining
18:45 Bow Saw
19:22 Heavy Plow
20:55 Wheelbarrow
20:07 Town Watch
24:51 Hand Cart
24:59 Fletching
27:35 Ballistics
29:59 Bodkin Arrow
31:35 Red Cliffs Tactics
33:24 Padded Archer Armor
42:24 Imperial Age
42:21 Leather Archer Armor
43:09 Bracer
44:13 Chemistry
43:52 Elite Fire Archer
44:54 Conscription
Snappa
10:42 Loom
12:29 Feudal Age
16:53 Castle Age
15:13 Double-Bit Axe
15:30 Horse Collar
22:47 Heavy Plow
23:10 Bow Saw
27:05 Scale Barding Armor
30:08 Wheelbarrow
30:16 Chain Barding Armor
29:47 Fletching
31:42 Bodkin Arrow
34:26 Imperial Age
32:07 Thumb Ring
33:24 Hand Cart
34:10 Ballistics
34:33 Elite Magyar Huszar
35:50 Plate Barding Armor
35:16 Bracer
35:18 Padded Archer Armor
36:39 Two-Man Saw
36:12 Crop Rotation
35:21 Heavy Cavalry Archer
36:31 Parthian Tactics
36:35 Bloodlines
36:26 Husbandry
37:24 Corvinian Army
38:24 Leather Archer Armor
39:34 Chemistry
40:42 Ring Archer Armor
42:30 Siege Engineers
42:39 Masonry
42:30 Stone Mining
42:33 Gold Mining
43:26 Recurve Bow
44:02 Hoardings
cesarb011001
7:42 Loom
9:32 Feudal Age
14:18 Castle Age
14:22 Scale Barding Armor
15:17 Husbandry
19:31 Double-Bit Axe
21:42 Forging
22:01 Gold Mining
23:37 Town Watch
25:49 Bloodlines
27:16 Wheelbarrow
26:45 Fletching
30:17 Hand Cart
31:13 Horse Collar
33:33 Town Patrol
35:12 Iron Casting
35:41 Chain Barding Armor
36:51 Gold Shaft Mining
36:08 Stone Mining
41:07 Imperial Age
39:08 Heavy Plow
40:18 Caravan
41:03 Bow Saw
42:24 Plate Barding Armor
42:45 Coinage
43:26 Conscription
43:16 Double Crossbow
43:29 Bodkin Arrow
44:38 Chemistry
43:24 Capped Ram
45:01 Banking
45:33 Tusk Swords
Connection lost

Rejoining the realm…

Still unreachable

The connection could not be restored.

Session expired

The server has moved on; the page needs a fresh start.